 Dungeon Crawl Stone Soup version 0.29.1-15-g9cfb28693d (webtiles) character file.

Game seed: 11306308390529078146

4 croobank the Firebug (level 1, 0/13 HPs)
             Began as a Demonspawn Fire Elementalist on Mar 20, 2023.
             Slain by a goblin
             ... wielding a +0 club
              (3 damage)
             ... on level 1 of the Dungeon.
             The game lasted 00:00:18 (25 turns).

croobank the Firebug (Demonspawn Fire Elementalist)   Turns: 25, Time: 00:00:19

Health: 0/13       AC:  2    Str:  8    XL:     1   Next: 50%
Magic:  3/3        EV: 12    Int: 16    God:
Gold:   0          SH:  0    Dex: 13    Spells: 3/4 levels left

rFire   . . .      SeeInvis .   (no weapon)
rCold   . . .      Faith    .   (no shield)
rNeg    . . .      Spirit   .   a - +0 robe
rPois   .          Reflect  .   (no helmet)
rElec   .          Harm     .   (no cloak)
rCorr   .          Rampage  .   (no gloves)
Will    .....                   (no boots)
Stlth   ++........              (no amulet)
HPRegen 0.04/turn               (no ring)
MPRegen 0.08/turn               (no ring)

@: no status effects
A: no striking features
a: no special abilities


You were on level 1 of the Dungeon.
You visited 1 branch of the dungeon, and saw 1 of its levels.

Inventory:

Armour
 a - a +0 robe (worn)
Scrolls
 c - a scroll of identify {unknown}


   Skills:
 + Level 1.8 Dodging
 + Level 1.8 Stealth
 + Level 2.0 Spellcasting
 + Level 1.1 Conjurations
 + Level 2.7 Fire Magic


You had 3 spell levels left.
You knew the following spells:

 Your Spells              Type           Power      Damage    Failure   Level
a - Foxfire               Conj/Fire      28%        2x1d5     10%         1

Your spell library contained the following spells:

 Spells                   Type           Power      Damage    Failure   Level
 Scorch                   Fire           20%        2d6       10%         2
 Conjure Flame            Conj/Fire      7%         6-21      28%         3
 Inner Flame              Hex/Fire       6%         N/A       34%         3
 Flame Wave               Conj/Fire      7%         2d5       67%         4


Dungeon Overview and Level Annotations

Branches:
Dungeon (1/15)

Altars:


Message History

Casting: Foxfire (safe; 10% risk of failure)
Confirm with . or Enter, or press ? or * to list all spells.
You conjure some foxfire!
The foxfire hits the bat but does no damage.
A goblin comes into view. It is wielding a +0 club.
The goblin shouts!
You hit the bat. You punch the bat.
You kill the bat!
You hear a shout!
Casting: Foxfire (safe; 10% risk of failure)
Confirm with . or Enter, or press ? or * to list all spells.
You don't have enough magic to cast this spell.
The foxfire hits the rat but does no damage.
Found 8 gold pieces.
The rat attacks as you move away! The rat barely misses you.
A bat comes into view.
The bat misses you. The goblin hits you with a +0 club.
The bat barely misses you. The rat bites you. The bat attacks as you move away!
The bat closely misses you. The rat attacks as you move away!
The rat closely misses you.
Found a glowing ruby potion.
The bat barely misses you. The bat misses you.
A goblin comes into view. It is wielding a +0 mace.
The goblin completely misses you. The bat attacks as you move away!
The bat closely misses you. x2
The bat barely misses you. The goblin hits you with a +0 mace.
* * * LOW HITPOINT WARNING * * *
The rat attacks as you move away! The rat misses you.
Found a club.
The bat hits you but does no damage.
Casting: Foxfire (safe; 10% risk of failure)
Confirm with . or Enter, or press ? or * to list all spells.
You conjure some foxfire!
The goblin closely misses you. The bat hits you but does no damage.
The foxfire hits the rat.
You kill the rat!
The goblin misses you. Magic courses through your body.
The foxfire hits the goblin.
The goblin is heavily wounded.
The bat hits you but does no damage. The goblin barely misses you.
The goblin hits you with a +0 club.
You die...

...[........###########
##....>.......#########
...................#
#.......:.?.......#
##...................
).......)...!........
##...b...............
.......gg..####$..###
##....@†..# .....
........§........#..
.#####.#.....#......
#..!...... ...........
.......###.. ......#.#
.# #### .#.#


You could see 2 goblins and a bat.

Vanquished Creatures
  A bat (D:1)
  A kobold (D:1)
  2 rats (D:1)
4 creatures vanquished.

Vanquished Creatures (others)
  5 foxfires (D:1)
5 creatures vanquished.

Grand Total: 9 creatures vanquished

Notes
Turn   | Place    | Note
-------+----------+-------------------------------------------
     0 | D:1      | croobank the Demonspawn Fire Elementalist began the quest
                  | for the Orb.
     0 | D:1      | Reached XP level 1. HP: 13/13 MP: 3/3
    25 | D:1      | Slain by a goblin

Illustrated notes

Levels and vault maps discovered:
D:1:      spicycebolla_arrival_ecumenical, layout_rooms

Action                   || total
-------------------------++-------
Melee: Unarmed           ||     1
       Punch             ||     1
 Cast: Foxfire           ||     4
  Use: Potion            ||     1
Armor: Robe              ||     3
Dodge: Dodged            ||    15
